 Dungeon Crawl Stone Soup version 0.22-a0-161-g198051c (webtiles) character file.

17882 wolfsongas the Grappler (level 12, -2/122 HPs)
             Began as a Troll Monk on Feb 11, 2018.
             Was the Champion of Okawaru.
             Slain by an ice devil (7 damage)
             ... on level 1 of the Abyss.
             The game lasted 00:27:07 (9867 turns).

wolfsongas the Grappler (Troll Monk)                Turns: 9867, Time: 00:27:08

Health: -2/122     AC: 12    Str: 27    XL:     12   Next: 22%
Magic:  11/11      EV: 11    Int:  6    God:    Okawaru [******]
Gold:   698        SH:  0    Dex: 13    Spells: 11/11 levels left

rFire    . . .     SeeInvis .     - Unarmed
rCold    + . .     Gourm    +   p - +0 shield
rNeg     . . .     Faith    .   g - +1 troll leather armour
rPois    .         Spirit   .   (helmet restricted)
rElec    +         Reflect  +   o - scarf {repulsion}
rCorr    .         Harm     .   (gloves unavailable)
MR       .....                  (boots unavailable)
Stlth    +.........             x - +2 amulet of reflection
HPRegen  1.10/turn              y - ring of Zeigynue {rElec rC+ Str+5 Dex-3 Slay+2}
MPRegen  0.12/turn              q - +4 ring of protection

@: confused, repel missiles
A: large, unfitting armour, claws 3, fast metabolism 3, gourmand, regeneration
1, shaggy fur 1, tough skin 2
a: Heroism, Finesse, Renounce Religion


You were on level 1 of the Abyss.
You worshipped Okawaru.
Okawaru was exalted by your worship.
You were full.

You visited 2 branches of the dungeon, and saw 12 of its levels.
You visited the Abyss 1 time.
You also visited: Labyrinth.

You collected 698 gold pieces.

Inventory:

Armour
 g - a +1 troll leather armour (worn)
 h - a +0 hat of intelligence
 n - a +2 cloak
 o - a scarf of repulsion (worn)
 p - a +0 shield (worn)
Jewellery
 i - a +2 ring of evasion {unknown}
 m - the ring of Kikubaaqudgha's Hatred {rPois rN+ Str+4 Int+2}
   (You found it on level 4 of the Dungeon)

   [ring of poison resistance]

   It affects your strength (+4).
   It affects your intelligence (+2).
   It protects you from poison.
   It protects you from negative energy.
 q - a +4 ring of protection (right claw)
 w - an uncursed ring of magical power {unknown}
 x - a +2 amulet of reflection (around neck)
 y - the ring of Zeigynue (left claw) {rElec rC+ Str+5 Dex-3 Slay+2}
   (You found it in a labyrinth)

   [ring of strength]

   It affects your strength (+5).
   It affects your dexterity (-3).
   It affects your accuracy and damage with ranged weapons and melee attacks
   (+2).
   It protects you from cold.
   It insulates you from electricity.
Wands
 v - a wand of acid (8)
Scrolls
 a - 5 scrolls of amnesia
 d - 2 scrolls of fear
 e - 5 scrolls of remove curse
Potions
 c - 2 potions of flight
 f - a potion of agility
 j - 2 potions of brilliance
 k - 2 potions of lignification
 l - a potion of cancellation
 s - 2 potions of curing
 t - 2 potions of might
Comestibles
 b - 18 rations


   Skills:
 + Level 8.3 Fighting
 - Level 8.0 Dodging
 - Level 1.0 Stealth
 + Level 2.4 Shields
 * Level 14.9 Unarmed Combat


You had 11 spell levels left.
You didn't know any spells.

Dungeon Overview and Level Annotations

Branches:
Dungeon (11/15)            Temple (1/1) D:6             Orc (0/2) D:10
   Lair: D:8-11

Altars:
Ashenzari
Cheibriados
Elyvilon
Gozag
Hepliaklqana
Kikubaaqudgha
Makhleb
Nemelex Xobeh
Okawaru
Ru
Sif Muna
Trog
Uskayaw
Vehumet
Wu Jian
Yredelemnul
Beogh

Shops:
D:10 [

Portals:
Trove: D:10 (give +7 demon whip)


Innate Abilities, Weirdness & Mutations

You are too large for most types of armour.
You have claws for hands.
Your metabolism is lightning-fast.
You like to eat raw meat.
Your natural rate of healing is unusually fast.
You are covered in fur. (AC +1)
You have very tough skin. (AC +2)


Message History

* * * LOW HITPOINT WARNING * * *
The ice devil freezes you. You resist.
* * * LOW HITPOINT WARNING * * *
The small abomination closely misses you.
The golden eye blinks!
The fire bat bites you but does no damage.
You're too confused!
Okay, then.
Your magical effects are unravelling.
You feel magically purged.
You feel less confused. The fire bat barely misses you.
You block the small abomination's attack.
The fire bat closely misses you. The golden eye blinks at you.
You are confused.
The ice devil hits you.
* * * LOW HITPOINT WARNING * * *
The ice devil freezes you! You resist.
You die...

.# # . # # #.##
##. ...#.##. #
###.##....
#.##.#.# .# .##
...##.#....##.##
.#
...'..bb4.......
.. ..##.#@.G##
#### ##x.# #.#
##.# # # .... .#
#.### # #.# #.#
.#


You could see an ice devil, a small abomination, 2 fire bats and a golden eye.

Vanquished Creatures
  A very ugly thing (Abyss:1)
  A minotaur (Lab)
  The ghost of wolfsongas the Martial Artist, a journeyman OpFi of Okawaru (D:10)
  2 two-headed ogres
  A centaur warrior (D:10)
  Nergalle (D:10)
  A large abomination (Abyss:1)
  A minotaur zombie (Lab)
  A flayed ghost (D:9)
  Pikel (D:7)
  A manticore (D:11)
  An orange demon (Abyss:1)
  A troll (D:10)
  A hippogriff (D:7)
  A ynoxinul (Abyss:1)
  A fire bat (Abyss:1)
  A wyvern (D:11)
  2 wraiths (D:9)
  13 yaks
  2 hungry ghosts
  4 hogs (D:7)
  A human (D:7)
  8 orc warriors
  A sky beast (D:11)
  2 black bears
  An ice beast (D:6)
  3 phantoms
  10 ogres
  A necrophage (D:6)
  A centaur (D:10)
  2 big kobolds (D:10)
  4 bullfrogs
  A gnoll sergeant (D:10)
  A wyvern zombie (D:6)
  3 scorpions
  6 killer bees
  A spriggan skeleton (Lab)
  17 wights
  7 howler monkeys
  5 crimson imps
  A bullfrog zombie (D:10)
  2 quasits (D:11)
  A gnoll shaman (D:7)
  2 bullfrog skeletons
  9 hounds
  7 orc wizards
  Crazy Yiuf (D:7)
  3 orc priests
  An iron imp (Abyss:1)
  2 jellies (D:7)
  2 centaur skeletons
  2 iguanas
  Natasha (thrice) (D:2)
  8 worker ants
  2 ogre skeletons (Lab)
  2 hound skeletons
  Robin (D:3)
  13 gnolls
  9 adders
  2 howler monkey skeletons
  3 shadow imps
  2 white imps (Abyss:1)
  An ufetubus (Abyss:1)
  3 oozes
  2 adder skeletons
  4 worms
  2 dart slugs
  10 leopard geckos
  71 orcs
  A ball python (D:3)
  4 bats
  5 giant cockroaches
  10 goblins
  12 hobgoblins
  11 jackals
  5 quokkas
  3 frilled lizards
  8 kobolds
  2 quokka skeletons
  A quokka zombie (D:6)
  5 rats
352 creatures vanquished.

Vanquished Creatures (others)
  2 orcs (D:7)
2 creatures vanquished.

Grand Total: 354 creatures vanquished

Notes
Turn   | Place    | Note
-------+----------+-------------------------------------------
     0 | D:1      | wolfsongas the Troll Monk began the quest for the Orb.
     0 | D:1      | Reached XP level 1. HP: 22/22 MP: 0/0
    58 | D:1      | Reached XP level 2. HP: 24/29 MP: 1/1
   277 | D:1      | Reached skill level 4 in Unarmed Combat
   371 | D:1      | Reached XP level 3. HP: 36/36 MP: 2/2
  1000 | D:2      | Noticed Natasha
  1007 | D:2      | Killed Natasha
  1007 | D:2      | Reached skill level 5 in Unarmed Combat
  1007 | D:2      | Reached XP level 4. HP: 43/44 MP: 3/3
  1138 | D:2      | Noticed Natasha
  1143 | D:2      | Killed Natasha
  1143 | D:2      | Reached XP level 5. HP: 39/50 MP: 4/4
  1220 | D:2      | Noticed Natasha
  1225 | D:2      | Killed Natasha
  1225 | D:2      | Reached skill level 6 in Unarmed Combat
  1593 | D:3      | Noticed Robin
  1608 | D:3      | Killed Robin
  2034 | D:3      | Reached XP level 6. HP: 59/59 MP: 5/5
  2400 | D:4      | Reached skill level 7 in Unarmed Combat
  2470 | D:4      | Got a glittering tin ring
  2471 | D:4      | Identified the ring of Kikubaaqudgha's Hatred {rPois rN+ Str+4 Int+2} (You found it on level 4 of the Dungeon)
  2752 | D:4      | Reached skill level 8 in Unarmed Combat
  2762 | D:4      | Reached XP level 7. HP: 57/66 MP: 6/6
  2952 | D:5      | Entered Level 5 of the Dungeon
  3746 | D:6      | Reached skill level 9 in Unarmed Combat
  3786 | D:6      | Reached XP level 8. HP: 75/75 MP: 7/7
  4026 | D:6      | Noticed a two-headed ogre
  4036 | D:6      | Killed a two-headed ogre
  4036 | D:6      | Reached skill level 10 in Unarmed Combat
  4070 | D:6      | Reached XP level 9. HP: 52/85 MP: 8/8
  4162 | D:6      | Found a staircase to the Ecumenical Temple.
  4639 | Temple   | Entered the Ecumenical Temple
  4697 | Temple   | Became a worshipper of Warmaster Okawaru
  4697 | Temple   | Reached * piety under Okawaru
  4697 | Temple   | Reached ** piety under Okawaru
  4890 | D:7      | Reached skill level 11 in Unarmed Combat
  4892 | D:7      | Reached skill level 5 in Fighting
  4892 | D:7      | Reached skill level 5 in Dodging
  4895 | D:7      | HP: 1/88 [hog (10)]
  5105 | D:7      | Reached *** piety under Okawaru
  5464 | D:7      | Found a runed door.
  5468 | D:7      | Noticed Crazy Yiuf
  5473 | D:7      | Killed Crazy Yiuf
  5538 | D:7      | Noticed Pikel
  5549 | D:7      | Killed Pikel
  5549 | D:7      | Reached XP level 10. HP: 84/98 MP: 9/9
  5560 | D:7      | Reached **** piety under Okawaru
  5596 | D:7      | Reached skill level 12 in Unarmed Combat
  5789 | D:8      | Noticed a two-headed ogre
  5794 | D:8      | Killed a two-headed ogre
  6361 | D:8      | Found a hide-covered altar of Uskayaw.
  6362 | D:8      | Found a burning altar of Makhleb.
  6522 | D:9      | Found a transporter.
  6560 | D:9      | Noticed a flayed ghost
  6560 | D:9      | Found an ancient bone altar of Kikubaaqudgha.
  6560 | D:9      | Found a basalt altar of Yredelemnul.
  6562 | D:9      | Found a transporter.
  6565 | D:9      | Killed a flayed ghost
  6565 | D:9      | Reached ***** piety under Okawaru
  6570 | D:9      | Reached skill level 13 in Unarmed Combat
  6923 | D:9      | Reached XP level 11. HP: 107/107 MP: 10/10
  7093 | D:10     | Entered Level 10 of the Dungeon
  7116 | D:10     | Received a gift from Okawaru
  7183 | D:10     | Noticed wolfsongas's ghost (journeyman OpFi)
  7194 | D:10     | Killed wolfsongas's ghost
  7200 | D:10     | Received a gift from Okawaru
  7205 | D:10     | Found Boimiar's Armour Boutique.
  7239 | D:10     | Noticed Nergalle
  7256 | D:10     | Killed Nergalle
  7310 | D:10     | Noticed a centaur warrior
  7314 | D:10     | Killed a centaur warrior
  7404 | D:10     | Found a roughly hewn altar of Beogh.
  7588 | D:10     | Found a portal to a secret trove of treasure.
  7705 | D:10     | Found a staircase to the Orcish Mines.
  7717 | D:10     | Reached skill level 14 in Unarmed Combat
  7885 | D:11     | Found a labyrinth entrance.
  7905 | Lab      | Entered a labyrinth
  8932 | Lab      | Noticed a minotaur
  8941 | Lab      | Killed a minotaur
  8947 | Lab      | Got a steaming marble ring
  8948 | Lab      | Identified the ring of Zeigynue {rElec rC+ Str+5 Dex-3 Slay+2} (You found it in a labyrinth)
  8952 | Lab      | Got a crude plate armour
  8953 | Lab      | Identified the cursed +1 plate armour of the Chupacabra {-Cast MR+ Int+3} (You found it in a labyrinth)
  9305 | D:11     | Reached ****** piety under Okawaru
  9307 | D:11     | Reached skill level 1 in Shields
  9342 | D:11     | Reached XP level 12. HP: 110/119 MP: 9/11
  9432 | D:11     | Found an ancient bone altar of Kikubaaqudgha.
  9439 | D:11     | Cast into level 1 of the Abyss (gnoll)
  9558 | Abyss:1  | Noticed a purple draconian
  9730 | Abyss:1  | Noticed a white very ugly thing
  9766 | Abyss:1  | Killed a white very ugly thing
  9766 | Abyss:1  | Received a gift from Okawaru
  9793 | Abyss:1  | Noticed a cacodemon
  9866 | Abyss:1  | HP: 6/122 [ice devil (5)]
  9867 | Abyss:1  | Slain by an ice devil

Vault maps used:
D:1:      erik_arrival_gehennom, serial_bayou_pond_e, eino_curves_04,
          minmay_misc_feat_pillars
D:2:      uniq_natasha
D:3:      uniq_robin
D:4:      first_ration
D:5:      kennysheep_boxes
D:6:      minmay_temple_entry_grid
D:7:      grunt_livestock, uniq_pikel, uniq_crazy_yiuf_cottage
D:8:      gammafunk_temple_overflow_statue, nrook_mini_vaults, st_stairs_1
D:9:      gammafunk_temple_of_torment, minmay_misc_feat_enclosed
D:10:     kennysheep_orc_monster_closet_entryway, serial_shops,
          nicolae_shop_statue_plus, enter_trove_2, special_room, serial_glass,
          glass_columns_a, glass_columns_c, glass_columns_a, glass_columns_a,
          uniq_nergalle
D:11:     lair_entry_dummy, lab_entry_generic, basic_altar, serial_shops,
          nicolae_shop_behind_doors
Temple:   hc_temple_tempest_star
Lab:      labyrinth_hidden_loot, nicolae_lab_stuck, nicolae_lab_quarters,
          nicolae_lab_grate_2, nicolae_lab_swirl, labyrinth_skeletal_remains,
          nicolae_lab_very_dead_end

Skill      XL: |  1  2  3  4  5  6  7  8  9 10 11 12 |
---------------+-------------------------------------+-----
Unarmed Combat | 4 5 6 8 9 10 11 13 14 | 14.9
Fighting       | 3 4 5 6 8 |  8.3
Dodging        | 3 4 5 6 8 |  8.0
Shields        | 1 2 |  2.4
Stealth        | |  1.0

Action                   |  1- 3 |  4- 6 |  7- 9 | 10-12 || total
-------------------------+-------+-------+-------+-------++-------
Melee: Unarmed           |    88 |   175 |   242 |   444 ||   949
       Punch             |     3 |     4 |    14 |    29 ||    50
Invok: Heroism           |       |       |       |    18 ||    18
  Use: Potion            |     2 |     6 |     1 |     5 ||    14
       Scroll            |     1 |    10 |     4 |    13 ||    28
 Stab: Sleeping          |     8 |     2 |     2 |     6 ||    18
       Invisible         |       |       |     3 |       ||     3
  Eat: Chunk             |    15 |    15 |    25 |    42 ||    97
       Ration            |       |       |       |     1 ||     1
Armor: Robe              |    25 |    46 |       |       ||    71
       Animal skin       |       |    34 |    58 |    99 ||   191
       Troll leather arm |       |       |       |    91 ||    91
Dodge: Dodged            |    34 |   150 |   163 |   402 ||   749
Block: Shield            |       |       |       |   101 ||   101

Table legend:
 A = Spawn XP
 B = Non-spawn XP
 C = Spawn XP percentage of total XP
 D = Spawn monster count
 E = Non-spawn monster count
 F = Spawn count percentage of total count
 G = Total turns spent on level
                    A         B        C        D         E        F      G
               +---------+---------+-------+---------+---------+-------+---------
         Total |     659 |   24888 |   2.6 |       4 |     348 |   1.1 |  9867
               +---------+---------+-------+---------+---------+-------+---------
           D:1 |       0 |      55 |   0.0 |       0 |      23 |   0.0 |   769
           D:2 |       0 |     202 |   0.0 |       0 |      27 |   0.0 |   807
           D:3 |       0 |     126 |   0.0 |       0 |      27 |   0.0 |   814
           D:4 |       0 |     482 |   0.0 |       0 |      32 |   0.0 |   583
           D:5 |       0 |     272 |   0.0 |       0 |       9 |   0.0 |   740
           D:6 |       0 |    2047 |   0.0 |       0 |      30 |   0.0 |   946
           D:7 |       0 |    3357 |   0.0 |       0 |      40 |   0.0 |  1058
           D:8 |       0 |    2272 |   0.0 |       0 |      29 |   0.0 |   642
           D:9 |       0 |    2382 |   0.0 |       0 |      25 |   0.0 |   662
          D:10 |       0 |    6771 |   0.0 |       0 |      75 |   0.0 |   792
          D:11 |       0 |    2237 |   0.0 |       0 |      20 |   0.0 |   440
       Abyss:1 |     659 |    2476 |  21.0 |       4 |       5 |  44.4 |   428
           Lab |       0 |    2209 |   0.0 |       0 |       6 |   0.0 |  1114
               +---------+---------+-------+---------+---------+-------+---------
